 Dungeon Crawl Stone Soup version 0.30-a0-1008-g30c9307041 (webtiles) character file.

Game seed: 5179743982068442063

48 Pimp the Trooper (level 3, -1/30 HPs)
             Began as a Barachi Fighter on Apr 5, 2023.
             Slain by an orc
             ... wielding a +0 short sword
              (5 damage)
             ... on level 2 of the Dungeon.
             The game lasted 00:02:03 (847 turns).

Pimp the Trooper (Barachi Fighter)                   Turns: 847, Time: 00:02:04

Health: -1/30      AC:  7    Str: 17    XL:     3   Next: 72%
Magic:  3/3        EV:  9    Int:  8    God:
Gold:   78         SH:  5    Dex: 13    Spells: 2/2 levels left

rFire   . . .      SeeInvis .    h - +2 dagger (venom)
rCold   . . .      Faith    .    c - +0 buckler
rNeg    . . .      Spirit   .    b - +0 scale mail
rPois   .          Reflect  .    (no helmet)
rElec   .          Rampage  .    (no cloak)
rCorr   .                        (no gloves)
Will    .....                    (no boots) Stlth
                                 (no amulet)
HPRegen 0.25/turn                (no ring)
MPRegen 0.08/turn                (no ring)

@: slow
A: amphibious, slowness 1, strong legs 1, +LOS
a: Hop


You were on level 2 of the Dungeon.
You visited 1 branch of the dungeon, and saw 2 of its levels.

You collected 78 gold pieces.

Inventory:

Hand Weapons
 a - a +0 long sword
 f - a +1 dagger of venom
 h - a +2 dagger of venom (weapon)
Armour
 b - a +0 scale mail (worn)
 c - a +0 buckler (worn)
Magical Staves
 e - a staff of cold
Scrolls
 j - a scroll of brand weapon {unknown}
 k - a scroll of vulnerability {unknown}
 l - a scroll of magic mapping {unknown}
 m - a scroll of noise {unknown}
Potions
 d - a potion of might
 g - a potion of magic {unknown}
 i - a potion of mutation {unknown}


   Skills:
 + Level 4.2 Fighting
 + Level 3.1 Long Blades
 + Level 4.1 Armour
 + Level 3.8 Shields


You had 2 spell levels left.
You didn't know any spells.
Your spell library was empty.

Dungeon Overview and Level Annotations

Branches:
Dungeon (2/15)

Altars:


Innate Abilities, Weirdness & Mutations

You are amphibious.
You cover ground slowly.
You can hop short distances.
You have an extended range of vision and can be seen from far away.


Message History

You hit the ball python.
You kill the ball python!
You see here a ball python corpse.
m - a scroll labelled ZOCIALI REHERE You see here a +0 plate armour.
Done exploring.
Done exploring.
Done exploring.
Done exploring.
There is a stone staircase leading down here.
You climb downwards.
The orc shouts!
Found a mace.
Found a stone staircase leading down.
There is a stone staircase leading up here.
The giant cockroach bites you but does no damage.
You hit the giant cockroach.
The giant cockroach is severely wounded.
The giant cockroach bites you but does no damage.
You hit the giant cockroach.
You kill the giant cockroach!
An orc priest and 2 orcs come into view.
The orc priest shouts!
The orc shouts!
The orc priest calls down the wrath of Beogh upon you.
Beogh smites you!
A goblin comes into view.
It is wielding a +2 dagger of protection.
The goblin shouts!
An orc comes into view. It is wielding a +0 club.
The orc hits you with a +0 club. x2
The orc shouts!
You hit the orc but do no damage. The orc hits you with a +0 short sword.
* * * LOW HITPOINT WARNING * * *
The orc closely misses you.
You barely miss the orc. The orc hits you with a +0 club.
* * * LOW HITPOINT WARNING * * *
The orc barely misses you. The orc attacks as you move away!
The orc hits you with a +0 club.
* * * LOW HITPOINT WARNING * * *
There is a stone staircase leading up here.
The orc hits you with a +0 short sword.
You die...

# .# .# .#
####.#####
##........# ####
#†..>...).# .....###
#.........# ........
#.o@......#
........##o........#
........o..........#
......o.g..........#
#####.####.........#
.. #....###### #..
#....# ... #....# .#
######


You could see an orc priest, 3 orcs and a goblin.

Vanquished Creatures
  A gnoll (D:1)
  A dart slug (D:1)
  2 bats (D:1)
  3 endoplasms (D:1)
  A giant cockroach (D:2)
  5 goblins (D:1)
  4 hobgoblins (D:1)
  4 kobolds (D:1)
  A quokka (D:1)
  5 ball pythons (D:1)
  2 frilled lizards (D:1)
  4 rats (D:1)
33 creatures vanquished.

Notes
Turn   | Place    | Note
-------+----------+-------------------------------------------
     0 | D:1      | Pimp the Barachi Fighter began the quest for the Orb.
     0 | D:1      | Reached XP level 1. HP: 18/18 MP: 1/1
    98 | D:1      | Reached XP level 2. HP: 24/25 MP: 2/2
   233 | D:1      | Found a faded altar of an unknown god.
   260 | D:1      | Reached XP level 3. HP: 28/30 MP: 3/3
   847 | D:2      | Slain by an orc

Illustrated notes

Levels and vault maps discovered:
D:1:      onia_arrival_handbag, layout_loops_ring,
          hellmonk_ecumenical_altar_arch_garden, serial_bayou_pond_c,
          minmay_tripent
D:2:      layout_rooms, grunt_decor_cap

Skill      XL: |  1  2  3 |
---------------+----------+-----
Fighting       | 4 |  4.2
Armour         | 4 |  4.1
Long Blades    | 3 |  3.1
Shields        | |  3.8

Action                     || total
---------------------------++-------
  Melee: Long sword        ||     8
         Dagger            ||    84
 Armour: Scale mail        ||    39
  Dodge: Dodged            ||    45
  Block: Buckler           ||    20

Table legend: (Time is in decaauts)
 A = Elapsed time spent in this place.
 B = Non-inter-level travel time spent in this place.
 C = Inter-level travel time spent in this place.
 D = Time resting spent in this place.
 E = Time spent auto-exploring this place.
 F = Levels seen in this place.
 G = Mean time per level.
                   A        B        C        D        E       F      G
               +--------+--------+--------+--------+--------+-----+--------+
         Total |    969 |    950 |     19 |     58 |    650 |   2 |  484.5 |
       Dungeon |    969 |    950 |     19 |     58 |    650 |   2 |  484.5 |
               +--------+--------+--------+--------+--------+-----+--------+

Top non-repeatable levels by time:
     D:1: 953 daAuts
     D:2: 15 daAuts
